 Dungeon Crawl Stone Soup version 0.31-a0-188-g5e087ee2ca (webtiles) character file.

Game seed: 3381071155227019797

1221 qw the Skirmisher (level 8, -10/46 HPs)
             Began as a Deep Elf Hunter on June 23, 2023.
             Mangled by a troll (15 damage)
             ... on level 6 of the Dungeon.
             The game lasted 00:01:48 (4642 turns).

qw the Skirmisher (Deep Elf Hunter)                 Turns: 4642, Time: 00:01:48

Health: -10/46     AC:  6    Str: 10    XL:     8   Next: 23%
Magic:  10/10      EV: 12    Int: 15    God:
Gold:   278        SH:  0    Dex: 18    Spells: 7/7 levels left

rFire   . . .        Y - +0 shortbow (flame)
rCold   . . .        (shield currently unavailable)
rNeg    . . .        j - +0 ring mail
rPois   +            h - +1 hat
rElec   .            (no cloak)
rCorr   .            (no gloves)
SInv    +            (no boots)
Will    .....        (no amulet)
Stlth   +            i - ring of poison resistance
HPRegen 0.27/turn    g - ring of see invisible
MPRegen 0.12/turn

%: no passive effects
@: no status effects
A: no striking features
a: no special abilities


You were on level 6 of the Dungeon.
You visited 1 branch of the dungeon, and saw 6 of its levels.

You collected 278 gold pieces.


   Skills:
 - Level 3.1 Fighting
 + Level 12.3 Ranged Weapons
 - Level 1.3 Armour
 - Level 4.2 Dodging
 - Level 1.2 Stealth


You had 7 spell levels left.
You didn't know any spells.
Your spell library was empty.

Inventory:

Hand Weapons
 Y - a +0 shortbow of flaming (weapon)
Armour
 h - a +1 hat (worn)
 j - a +0 ring mail (worn)
Jewellery
 f - a +6 ring of strength
 g - a ring of see invisible (right hand)
 i - a ring of poison resistance (left hand)
 l - a ring of positive energy
Scrolls
 o - a scroll of identify
Potions
 c - a potion of might
 d - a potion of curing {unknown}
 e - a potion of haste {unknown}
 k - a potion of mutation {unknown}

Dungeon Overview and Level Annotations

Branches:
Dungeon (6/15)
 Temple: D:4-7

Altars:
The Shining One

Annotations:
D:4 1 runed translucent door, exclusion: gnoll, Crazy Yiuf


Message History

Enter note:
Enter note:
Enter note:
Enter note: Done exploring.
4611 ||| READING 2 scrolls of identify.
As you read the scroll of identify, it crumbles to dust.
c - a potion of might
4611 ||| IDENTIFYING sedimented purple potion Done exploring.
(D) Dungeon
Where to? (* - list waypoints, Enter - D:5, ? - help)
What level of the Dungeon? (default 1, ? - help)
You see here a +0 giant club.
There is a stone staircase leading down here.
You climb downwards.
The troll shouts!
There is a stone staircase leading up here.
A troll is nearby!
Waypoint 5 assigned to D:6.
A troll is nearby!
A troll is nearby!
You shoot an arrow. The arrow hits the troll!
The arrow burns the troll.
The troll is moderately wounded.
You shoot an arrow. The arrow hits the troll.
The arrow burns the troll.
The troll is moderately wounded.
You shoot an arrow.
The arrow hits the troll but does no damage.
The troll is moderately wounded.
The troll bites you! The troll closely misses you. The troll claws you!
You shoot an arrow. The arrow completely misses the troll.
The troll misses you. x2; The troll claws you but does no damage.
You shoot an arrow.
The arrow hits the troll but does no damage.
The troll is moderately wounded.
The troll bites you! The troll claws you but does no damage.
The troll claws you!
You shoot an arrow. The arrow closely misses the troll.
The troll bites you!
You die...

#.# #.#
#.# #.#
#.# ## #.#
.. #.#
.##.#.##<#
.......@##
..#.#.#T#
#........
#.#.#.#.##
#.......#
#.#.#.#.#
........#
.....####


You could see a troll.

Vanquished Creatures
  Sigmund (D:3)
  Menkaure (D:5)
  A black bear (D:5)
  3 ogres (D:5)
  A centaur (D:4)
  A phantom (D:4)
  Blork the orc (D:5)
  A howler monkey (D:3)
  A hound (D:4)
  2 jellies
  An orc priest (D:5)
  A sleepcap (D:4)
  8 adders
  3 gnolls (D:4)
  A dart slug (D:2)
  6 orcs
  7 ball pythons
  4 endoplasms
  7 giant cockroaches
  7 goblins
  9 hobgoblins
  9 quokkas
  5 bats
  3 frilled lizards
  13 kobolds
  11 rats
108 creatures vanquished.

Notes
Turn   | Place    | Note
-------+----------+-------------------------------------------
     0 | D:1      | qw the Deep Elf Hunter began the quest for the Orb.
     0 | D:1      | Reached XP level 1. HP: 12/12 MP: 3/3
     0 | D:1      | 0 ||| qw: Version: 0.3-a-9-g12657ce
     0 | D:1      | 0 ||| qw: Game counter: 4073
     0 | D:1      | 0 ||| qw: Always use a shield: true
     0 | D:1      | 0 ||| qw: God list: Okawaru
     0 | D:1      | 0 ||| qw: Allow faded altars: false
     0 | D:1      | 0 ||| qw: Do Orc after D:15 true
     0 | D:1      | 0 ||| qw: Do second Lair branch before Depths: true
     0 | D:1      | 0 ||| qw: Lair rune preference: random
     0 | D:1      | 0 ||| qw: Plans: Normal
     0 | D:1      | 0 ||| PLANNING D:1-11
     9 | D:1      | You fall into a shaft and drop 1 floor!
    11 | D:2      | 11 ||| UPGRADING to ring of see invisible.
    12 | D:2      | 12 ||| DROPPING scroll of butterflies.
   191 | D:2      | 191 ||| UPGRADING to +1 hat.
   200 | D:2      | Reached skill level 6 in Ranged Weapons
   200 | D:2      | Reached XP level 2. HP: 10/16 MP: 4/4
   236 | D:2      | 236 ||| UPGRADING to +0 ring mail.
   246 | D:2      | 246 ||| DROPPING +0 leather armour.
   247 | D:2      | 247 ||| UPGRADING to +6 ring of strength.
   248 | D:2      | 248 ||| UPGRADING to ring of poison resistance.
   250 | D:2      | 250 ||| UPGRADING to ring of see invisible.
   252 | D:2      | 252 ||| READING scroll labelled EFINUJIQAXT.
   259 | D:2      | 259 ||| STAIRDANCE
   264 | D:1      | Found a faded altar of an unknown god.
   464 | D:1      | Reached XP level 3. HP: 20/20 MP: 5/5
   892 | D:1      | 892 ||| READING scroll labelled GOFUESKOME.
   893 | D:1      | 893 ||| READING scroll labelled ENAMUFEPYPN.
   941 | D:2      | Reached skill level 7 in Ranged Weapons
   941 | D:2      | 941 ||| FLEEEEING.
   942 | D:2      | 942 ||| FLEEEEING.
   943 | D:2      | 943 ||| FLEEEEING.
   944 | D:2      | 944 ||| FLEEEEING.
  1099 | D:2      | Reached XP level 4. HP: 16/25 MP: 6/6
  1506 | D:2      | Reached skill level 8 in Ranged Weapons
  1638 | D:2      | 1638 ||| READING scroll labelled PULLAY JUMA.
  1639 | D:2      | 1639 ||| READING scroll labelled WEECOEGA BEGAGUN.
  1640 | D:2      | 1640 ||| READING scroll labelled CIC ZUACIAJIQ.
  1779 | D:3      | Found a glowing golden altar of the Shining One.
  2098 | D:3      | Reached XP level 5. HP: 29/29 MP: 7/7
  2106 | D:3      | Noticed Sigmund
  2120 | D:3      | Killed Sigmund
  2121 | D:3      | Reached skill level 9 in Ranged Weapons
  2121 | D:3      | Reached XP level 6. HP: 21/34 MP: 8/8
  2557 | D:3      | 2557 ||| READING scroll labelled JUACRUCODU.
  2558 | D:3      | 2558 ||| READING 2 scrolls labelled POFICV ESCHYR.
  2659 | D:3      | 2659 ||| READING scroll labelled QINLE QOUNOGIORES.
  2660 | D:3      | 2660 ||| READING scroll labelled VATWEPHELA.
  2665 | D:3      | 2665 ||| DROPPING scroll of silence.
  2762 | D:4      | Found a runed translucent door.
  2763 | D:4      | Noticed Crazy Yiuf
  2821 | D:4      | HP: 6/35 [centaur/arrow (4)]
  2823 | D:4      | Reached skill level 10 in Ranged Weapons
  3188 | D:4      | Reached skill level 3 in Dodging
  3205 | D:4      | 3205 ||| READING scroll labelled EMIMUXZOESA.
  3205 | D:4      | HP: 7/35 [gnoll/+0 spear (3)]
  3206 | D:4      | 3206 ||| READING scroll of teleportation.
  3208 | D:4      | 3208 ||| FLEEEEING.
  3211 | D:4      | 3211 ||| STAIRDANCE
  3317 | D:3      | 3317 ||| READING scroll labelled HORAAF HI MYUBIA.
  3318 | D:3      | 3318 ||| READING 2 scrolls of identify.
  3318 | D:3      | 3318 ||| IDENTIFYING lumpy golden potion
  3319 | D:3      | 3319 ||| DROPPING potion of attraction.
  3380 | D:4      | Reached XP level 7. HP: 40/40 MP: 9/9
  3421 | D:4      | Reached skill level 11 in Ranged Weapons
  3886 | D:4      | 3886 ||| READING 2 scrolls of identify.
  3886 | D:4      | 3886 ||| IDENTIFYING viscous silvery potion
  3887 | D:4      | 3887 ||| DROPPING potion of berserk rage.
  3916 | D:5      | Entered Level 5 of the Dungeon
  3968 | D:5      | Noticed Blork the orc
  3972 | D:5      | Reached skill level 12 in Ranged Weapons
  3982 | D:5      | Killed Blork the orc
  3983 | D:5      | Reached skill level 1 in Armour
  4113 | D:5      | Noticed Menkaure
  4116 | D:5      | Killed Menkaure
  4117 | D:5      | Reached XP level 8. HP: 25/45 MP: 10/10
  4230 | D:5      | Reached skill level 3 in Fighting
  4611 | D:5      | 4611 ||| READING 2 scrolls of identify.
  4611 | D:5      | 4611 ||| IDENTIFYING sedimented purple potion
  4635 | D:6      | Noticed a troll
  4641 | D:6      | HP: 4/46 [troll (9)]
  4642 | D:6      | Mangled by a troll

Levels and vault maps discovered:
D:1:      dpeg_arrival_rhombus, layout_loops_ring,
          ebering_ecumenical_altar_mist, serial_park_tiny_2,
          corexii_leaking_fountain
D:2:      minmay_angry_zag, layout_basic, minivault_5, minmay_misc_feat_encased,
          minmay_puff
D:3:      layout_basic, mainiacjoe_overflow_alcove_1, uniq_sigmund
D:4:      layout_basic, uniq_crazy_yiuf_cottage
D:5:      layout_basic, uniq_menkaure, uniq_blork_the_orc
D:6:      layout_basic, lemuel_doored_altar, glass_columns_b,
          nicolae_take_the_stairs, serial_bayou_lagoon_a

Skill      XL: |  1  2  3  4  5  6  7  8 |
---------------+-------------------------+-----
Ranged Weapons | 6 7 8 9 10 12 | 12.3
Fighting       | 2 3 |  3.1
Dodging        | 3 4 |  4.2
Armour         | 1 |  1.3
Stealth        | |  1.2

Action                     |  1- 3 |  4- 6 |  7- 9 || total
---------------------------+-------+-------+-------++-------
  Melee: Unarmed           |       |       |     8 ||     8
   Fire: Shortbow          |   107 |   155 |    67 ||   329
    Use: Scroll            |     3 |    11 |     2 ||    16
 Armour: Leather armour    |     3 |       |       ||     3
         Ring mail         |    22 |    23 |     3 ||    48
         Skin              |       |       |     1 ||     1
  Dodge: Dodged            |    31 |    32 |    16 ||    79

Table legend:
 A = Non-vault XP
 B = Vault XP
 C = Vault XP percentage of total XP
 D = Non-vault monster count
 E = Vault monster count
 F = Vault count percentage of total count
                 A         B        C        D         E       F
            +---------+---------+-------+---------+---------+-------
      Total |    1228 |     517 |  29.6 |      96 |      12 |  11.1
            +---------+---------+-------+---------+---------+-------
        D:1 |      37 |       0 |   0.0 |      23 |       0 |   0.0
        D:2 |      84 |      38 |  31.1 |      22 |       9 |  29.0
        D:3 |      76 |     210 |  73.4 |      14 |       1 |   6.7
        D:4 |     432 |       0 |   0.0 |      26 |       0 |   0.0
        D:5 |     599 |     269 |  31.0 |      11 |       2 |  15.4
            +---------+---------+-------+---------+---------+-------
